[Event "Titled Tuesday Blitz January 03 Early 2023"]
[White "Aung Thant Zin"]
[Black "Gaboyan, Susanna"]
[WhiteFideId "13000063"]
[BlackFideId "13303627"]
[WhiteElo "2268"]
[BlackElo "2160"]
[Result "1-0"]
[Round "03"]
[TimeControl "180+2"]
[Date "2023.01.03"]
[WhiteClock "0:00:20"]
[BlackClock "0:00:31"]

1. e4 c5 2. Nf3 Nc6 3. Bb5 g6 4. O-O Bg7 5. c3 Nf6 6. Re1 O-O 7. d4 d5 8. e5 Ne4 9. h3 Qb6 10. Bxc6 bxc6 11. Nbd2 Bf5 12. Nb3 cxd4 13. cxd4 a5 14. Ng5 a4 15. Nxe4 axb3 16. Ng3 Rxa2 17. Bg5 Bc2 18. Qc1 Rxa1 19. Qxa1 Qxd4 20. Bxe7 Re8 21. Bd6 Bxe5 22. Qa6 Kg7 23. Bxe5+ Rxe5 24. Rxe5 Qxe5 25. Qxc6 Qxb2 26. Qxd5 Qc3 27. Qg5 Qf6 28. Nh5+ Kf8 29. Qxf6 gxh5 30. g4 hxg4 31. hxg4 Kg8 32. Kg2 Kf8 33. Kg3 Kg8 34. Kf4 Kf8 35. Kg5 Ke8 36. Kf4 Kd7 37. Ke5 b2 38. Qxf7+ Kc6 39. Qe6+ Kc5 40. Qc8+ Kb4 41. Qxc2 Ka3 42. Qxb2+ Kxb2 43. f4 1-0


[Site "https://www.chess.com"]

[Event "Titled Tuesday Blitz January 03 Early 2023"]
[White "Tharushi, T H D Niklesha"]
[Black "Hoffmann, Asa"]
[WhiteFideId "9918264"]
[BlackFideId "2001470"]
[WhiteElo "1570"]
[BlackElo "2185"]
[Result "0-1"]
[Round "03"]
[TimeControl "180+2"]
[Date "2023.01.03"]
[WhiteClock "0:00:40"]
[BlackClock "0:01:43"]

1. e4 d6 2. d4 Nf6 3. Nc3 c6 4. f3 Nbd7 5. Be3 e5 6. h4 Be7 7. Nh3 Nh5 8. Bf2 Bxh4 9. Bxh4 Qxh4+ 10. Nf2 Qg5 11. Qd2 Qxd2+ 12. Kxd2 Ng3 13. Rh3 Nxf1+ 14. Rxf1 exd4 15. Ne2 c5 16. Rfh1 h6 17. Nf4 Nf6 18. Rg3 g6 19. Ng4 Bxg4 20. fxg4 Nxe4+ 21. Kd3 Nxg3 22. Re1+ Kf8 23. Nd5 Re8 24. Rh1 Re5 25. c4 dxc3 26. Nxc3 Kg7 27. Rh3 Nf1 28. Rf3 Nh2 29. Rf4 Rhe8 30. Ne4 Rxe4 31. Rxe4 Rxe4 32. Kxe4 Nxg4 33. a3 Kf6 34. b4 cxb4 35. axb4 Ke6 36. g3 d5+ 37. Kd4 Kd6 38. b5 b6 39. Kc3 Kc5 40. Kb3 d4 41. Kc2 Kc4 42. Kd2 d3 43. Kc1 Kc3 44. Kd1 d2 0-1


[Site "https://www.chess.com"]

[Event "Titled Tuesday Blitz January 03 Early 2023"]
[White "Balint, Vilmos"]
[Black "Vargas, Mauricio"]
[WhiteFideId "718050"]
[BlackFideId "4404572"]
[WhiteElo "2169"]
[BlackElo "2035"]
[Result "1-0"]
[Round "03"]
[TimeControl "180+2"]
[Date "2023.01.03"]
[WhiteClock "0:02:10"]
[BlackClock "0:00:01"]

1. e4 c6 2. d4 d5 3. e5 Bf5 4. Nf3 e6 5. Be2 h6 6. O-O Nd7 7. b3 g5 8. c4 Bg7 9. Bb2 Ne7 10. Nc3 O-O 11. Qd2 f6 12. exf6 Bxf6 13. Nd1 Ng6 14. Ne3 Be4 15. Ng4 Bg7 16. Nfe5 Ndxe5 17. Nxe5 Nf4 18. f3 Nxe2+ 19. Qxe2 Bf5 20. Rfe1 Re8 21. h3 Qc7 22. Rac1 Qb6 23. Qf2 Rad8 24. h4 Bf6 25. hxg5 Bxg5 26. Rcd1 Bh7 27. f4 Bf6 28. Qg3+ 1-0


[Site "https://www.chess.com"]

[Event "Titled Tuesday Blitz January 03 Early 2023"]
[White "Xu, Yi"]
[Black "Carlsen, Magnus"]
[WhiteFideId "8605564"]
[BlackFideId "1503014"]
[WhiteElo "2527"]
[BlackElo "2853"]
[Result "0-1"]
[Round "04"]
[TimeControl "180+2"]
[Date "2023.01.03"]
[WhiteClock "0:00:04"]
[BlackClock "0:00:54"]

1. e4 d5 2. exd5 Qxd5 3. Nc3 Qe6+ 4. Be2 Qg6 5. Nf3 Qxg2 6. Rg1 Qh3 7. d4 Nf6 8. Bf4 Qd7 9. Qd2 g6 10. Ne5 Qd8 11. Bc4 e6 12. O-O-O c6 13. Bh6 Nbd7 14. Bxf8 Rxf8 15. Qh6 Qe7 16. Rge1 Nb6 17. d5 cxd5 18. Bb5+ Bd7 19. Nxd7 Nbxd7 20. Bxd7+ Kxd7 21. Nxd5 Nxd5 22. Rxd5+ exd5 23. Rxe7+ Kxe7 24. Qg5+ Ke6 25. Qe3+ Kd7 26. Qe5 Rae8 27. Qxd5+ Kc8 28. b3 a6 29. Kb2 Kb8 30. f4 Ka8 31. f5 Rd8 32. Qc5 Rfe8 33. Qc7 gxf5 34. Qxf7 Rf8 35. Qxh7 f4 36. Qh4 f3 37. Qf2 Rde8 38. h4 Rf5 39. h5 Rh8 40. Qd4 Rff8 41. Qf2 Rxh5 42. a4 Re5 43. a5 Rxa5 0-1


[Site "https://www.chess.com"]

[Event "Titled Tuesday Blitz January 03 Early 2023"]
[White "Tang, Andrew"]
[Black "Nepomniachtchi, Ian"]
[WhiteFideId "2059630"]
[BlackFideId "4168119"]
[WhiteElo "2523"]
[BlackElo "2794"]
[Result "1-0"]
[Round "04"]
[TimeControl "180+2"]
[Date "2023.01.03"]
[WhiteClock "0:01:04"]
[BlackClock "0:01:49"]

1. d4 Nf6 2. c4 e6 3. Nc3 Bb4 4. Qc2 O-O 5. Nf3 d5 6. Bg5 h6 7. Bxf6 Qxf6 8. a3 Bxc3+ 9. Qxc3 dxc4 10. Qxc4 Nc6 11. Rd1 a6 12. g3 e5 13. d5 Na7 14. Qxc7 Nb5 15. Qxe5 Qb6 16. Bg2 Bd7 17. Qe3 Qxe3 18. fxe3 Rfe8 19. Kf2 Nd6 20. Nd2 f5 21. Rc1 Re7 22. Nc4 Nxc4 23. Rxc4 Rae8 24. Rc3 Kf7 25. d6 Re5 26. Bxb7 Rb8 27. Rc7 Ke6 28. Rd1 a5 29. Ba6 Rd8 30. b4 axb4 31. axb4 g5 32. Rd4 Kf6 33. Bb7 Rb5 34. Rxd7 Rxd7 35. Bc6 1-0


[Site "https://www.chess.com"]

[Event "Titled Tuesday Blitz January 03 Early 2023"]
[White "Babazada, Khazar"]
[Black "Duda, Jan-Krzysztof"]
[WhiteFideId "13413554"]
[BlackFideId "1170546"]
[WhiteElo "2474"]
[BlackElo "2724"]
[Result "0-1"]
[Round "04"]
[TimeControl "180+2"]
[Date "2023.01.03"]
[WhiteClock "0:00:16"]
[BlackClock "0:00:10"]

1. e4 c5 2. Nf3 d6 3. d4 cxd4 4. Nxd4 Nf6 5. Nc3 a6 6. Be2 e5 7. Nb3 Be7 8. g4 h6 9. Be3 Be6 10. h4 d5 11. exd5 Nxd5 12. Nxd5 Bxd5 13. Bf3 e4 14. Bg2 Nc6 15. Qe2 Qc7 16. O-O-O Nb4 17. Kb1 O-O-O 18. c3 Bc4 19. Qe1 Bd3+ 20. Rxd3 Nxd3 21. Qe2 Kb8 22. Bxe4 Nc5 23. Bxc5 Bxc5 24. Bg2 Rhe8 25. Qf3 Bb6 26. a4 Re7 27. g5 Qc4 28. Nc1 hxg5 29. hxg5 Qxa4 30. Re1 Qd7 31. Rxe7 Qxe7 32. Nd3 Rd7 33. Nb4 Qe1+ 34. Ka2 Qxf2 35. Qe4 Qc5 36. Qf4+ Ka7 37. Qe4 Qa5+ 38. Kb3 Qxg5 39. Qc4 Qb5 40. Qg4 a5 41. Bc6 f5 42. Bxb5 fxg4 43. Bxd7 g3 44. Bh3 axb4 45. Kxb4 Kb8 46. Bg2 Kc7 47. Kc4 Bf2 48. Kd3 b6 49. Ke2 Kd6 50. Kd3 Ke5 51. Bh1 Kf4 52. Bg2 Be3 53. b4 Bf2 54. Ke2 Ke5 55. Kd3 Be1 56. Bh1 Kf4 57. Bg2 Kg4 58. Kc2 Kf4 59. Kd3 g5 60. Bh1 Kg4 61. Bg2 Kf5 62. Kc2 Kf4 63. Kd3 Bxc3 64. Kxc3 Ke3 65. Kc4 Kf2 66. Bd5 g4 67. Kb5 g2 68. Bxg2 Kxg2 69. Kxb6 g3 70. Kc7 Kf3 71. b5 g2 72. b6 g1=Q 73. b7 Qc5+ 74. Kb8 Qb6 75. Ka8 Qa6+ 76. Kb8 Ke4 77. Kc7 Qa5+ 78. Kc6 Qd8 0-1


[Site "https://www.chess.com"]

[Event "Titled Tuesday Blitz January 03 Early 2023"]
[White "Jobava, Baadur"]
[Black "Ohanyan, Emin"]
[WhiteFideId "13601520"]
[BlackFideId "13312022"]
[WhiteElo "2578"]
[BlackElo "2444"]
[Result "1-0"]
[Round "04"]
[TimeControl "180+2"]
[Date "2023.01.03"]
[WhiteClock "0:01:00"]
[BlackClock "0:00:13"]

1. d4 d5 2. Nc3 Nf6 3. Bf4 a6 4. e3 c5 5. h3 Nc6 6. Nf3 e6 7. a3 Bd6 8. dxc5 Bxc5 9. Bd3 O-O 10. O-O Bd6 11. Re1 e5 12. Bg3 Re8 13. e4 d4 14. Nd5 Be6 15. Bh4 Bxd5 16. exd5 Nb8 17. Bxf6 Qxf6 18. Nxd4 Nd7 19. Nf5 Bc5 20. b4 Ba7 21. c4 g6 22. Nh6+ Kg7 23. Ng4 Qf4 24. c5 Qd4 25. Bf1 Qf4 26. Qc1 h5 27. Qxf4 exf4 28. Nh2 a5 29. Bb5 Rxe1+ 30. Rxe1 Nf6 31. d6 axb4 32. axb4 Nd5 33. d7 Nc7 34. Re8 1-0


[Site "https://www.chess.com"]

[Event "Titled Tuesday Blitz January 03 Early 2023"]
[White "Martinez Alcantara, Jose Eduardo"]
[Black "Sethuraman, S.P."]
[WhiteFideId "3805662"]
[BlackFideId "5021596"]
[WhiteElo "2619"]
[BlackElo "2626"]
[Result "1-0"]
[Round "04"]
[TimeControl "180+2"]
[Date "2023.01.03"]
[WhiteClock "0:01:00"]
[BlackClock "0:00:42"]

1. e4 c5 2. Nf3 Nc6 3. c3 d5 4. e5 d4 5. Bc4 Bf5 6. Qb3 Nh6 7. Qxb7 Rc8 8. d3 e6 9. Bb5 Qd7 10. Qxd7+ Kxd7 11. cxd4 Rb8 12. Nc3 a6 13. Ba4 Bxd3 14. Bxh6 gxh6 15. O-O-O c4 16. d5 exd5 17. Nd4 Rc8 18. Nxd5 Bc5 19. Nxc6 Rxc6 20. Nf4 Kc7 21. Nxd3 cxd3 22. Bxc6 Kxc6 23. Rxd3 Bxf2 24. Rf1 Bc5 25. Rxf7 Re8 26. Rf6+ Kb5 27. e6 Kc4 28. Kc2 a5 29. Rf5 Bb4 30. b3# 1-0


[Site "https://www.chess.com"]

[Event "Titled Tuesday Blitz January 03 Early 2023"]
[White "Kozak, Adam"]
[Black "Sarana, Alexey"]
[WhiteFideId "753246"]
[BlackFideId "24133795"]
[WhiteElo "2572"]
[BlackElo "2685"]
[Result "1/2-1/2"]
[Round "04"]
[TimeControl "180+2"]
[Date "2023.01.03"]
[WhiteClock "0:00:04"]
[BlackClock "0:00:06"]

1. e4 e5 2. Nf3 Nc6 3. Bb5 a6 4. Ba4 Bc5 5. Bxc6 dxc6 6. d3 f6 7. Be3 Bxe3 8. fxe3 Ne7 9. O-O c5 10. Nbd2 O-O 11. Nh4 b6 12. Qf3 a5 13. a4 g6 14. Qg3 Be6 15. b3 Rf7 16. Rf2 Qf8 17. Raf1 Qg7 18. Nc4 Raf8 19. Kh1 Qh6 20. Nd2 Nc6 21. Nf5 Qh5 22. Nc4 Kh8 23. Nh4 Nb4 24. Nf3 Kg8 25. h3 Kg7 26. Kg1 g5 27. Nh2 Qg6 28. Ng4 h5 29. Ncxe5 fxe5 30. Qxe5+ Kh7 31. Nf6+ Kh6 32. Qxe6 Nxc2 33. Rxc2 Rxf6 34. Rxf6 Rxf6 35. Qd5 g4 36. Rf2 g3 37. Rf3 h4 38. Qe5 Rxf3 39. gxf3 Qg5 40. Qxg5+ Kxg5 41. f4+ Kf6 42. Kg2 c6 43. d4 cxd4 44. exd4 Ke6 45. Kf3 Kd6 46. Ke3 Kd7 47. Kf3 Ke6 48. Ke3 Kd6 49. Kf3 Kd7 50. Ke3 b5 51. Kf3 Kc7 52. Ke3 Kb6 53. Kf3 c5 54. dxc5+ Kxc5 55. f5 bxa4 56. bxa4 Kd6 57. f6 Ke6 58. e5 Kf7 59. Kg2 Kg6 60. Kf3 Kf7 61. Kg2 Ke6 62. Kf3 Kf7 1/2-1/2


[Site "https://www.chess.com"]

[Event "Titled Tuesday Blitz January 03 Early 2023"]
[White "Paravyan, David"]
[Black "Gunina, Valentina"]
[WhiteFideId "4194985"]
[BlackFideId "4167570"]
[WhiteElo "2601"]
[BlackElo "2469"]
[Result "1-0"]
[Round "04"]
[TimeControl "180+2"]
[Date "2023.01.03"]
[WhiteClock "0:00:44"]
[BlackClock "0:00:09"]

1. e4 c6 2. d4 d5 3. e5 c5 4. Nf3 cxd4 5. Nxd4 Nc6 6. Nxc6 bxc6 7. Bd3 e6 8. O-O Ne7 9. Nd2 Ng6 10. Nf3 Be7 11. Re1 c5 12. c4 O-O 13. cxd5 Qxd5 14. Be4 Qxd1 15. Rxd1 Rb8 16. b3 Bb7 17. Bxb7 Rxb7 18. Be3 Rc8 19. Rac1 h6 20. g3 Bf8 21. Rc4 Rb5 22. Ra4 Rb7 23. Rc1 Rc6 24. h4 Rbc7 25. Ra5 Be7 26. h5 Nf8 27. Nd2 Nd7 28. Nc4 Rb7 29. Ra4 Nb6 30. Na5 Nxa4 31. Nxc6 Nb6 32. Nxe7+ Rxe7 33. Bxc5 Rc7 34. Be3 Rxc1+ 35. Bxc1 a6 36. Kg2 Nd5 37. Bd2 Kf8 38. Kf3 Ke7 39. Ke4 Kd7 40. f4 Kc6 41. g4 f6 42. f5 fxe5 43. Kxe5 exf5 44. Kxf5 Kd6 45. Kg6 Nf6 46. Bxh6 Nxg4 47. Bxg7 Ke6 48. h6 Nxh6 49. Bxh6 Kd5 50. Kf5 Kd4 51. Ke6 Kc3 52. Bg7+ Kc2 53. Kd5 Kb1 54. a4 1-0


[Site "https://www.chess.com"]

[Event "Titled Tuesday Blitz January 03 Early 2023"]
[White "Bluebaum, Matthias"]
[Black "Sanal, Vahap"]
[WhiteFideId "24651516"]
[BlackFideId "6300545"]
[WhiteElo "2669"]
[BlackElo "2600"]
[Result "1-0"]
[Round "04"]
[TimeControl "180+2"]
[Date "2023.01.03"]
[WhiteClock "0:00:47"]
[BlackClock "0:00:01"]

1. d4 d5 2. c4 c6 3. Nf3 Nf6 4. Nc3 e6 5. Qc2 Nbd7 6. e4 dxe4 7. Nxe4 Nxe4 8. Qxe4 Bb4+ 9. Bd2 Bxd2+ 10. Nxd2 c5 11. dxc5 O-O 12. Be2 Nxc5 13. Qe3 Qb6 14. O-O-O Bd7 15. Nb3 Nxb3+ 16. axb3 Qxe3+ 17. fxe3 Bc6 18. Bf3 Rfd8 19. b4 Kf8 20. b3 Ke7 21. Kc2 Bxf3 22. gxf3 a6 23. Kc3 h5 24. h4 g6 25. c5 Rxd1 26. Rxd1 Rd8 27. Ra1 Kf6 28. b5 axb5 29. Ra5 g5 30. hxg5+ Kg6 31. Rxb5 h4 32. Rxb7 h3 33. Ra7 Rd1 34. Ra2 Kxg5 35. b4 Kh4 36. b5 Rc1+ 37. Kd4 Rd1+ 38. Kc4 Rc1+ 39. Kb4 Kg3 40. b6 h2 41. Rxh2 Kxh2 42. Kb5 Kg3 43. b7 Kxf3 44. c6 Kxe3 45. Kb6 f5 46. c7 Rb1+ 47. Ka7 Ra1+ 48. Kb8 f4 49. c8=Q Ra4 50. Qc3+ 1-0


[Site "https://www.chess.com"]

[Event "Titled Tuesday Blitz January 03 Early 2023"]
[White "Sjugirov, Sanan"]
[Black "Ter-Sahakyan, Samvel"]
[WhiteFideId "4189302"]
[BlackFideId "13302531"]
[WhiteElo "2712"]
[BlackElo "2617"]
[Result "0-1"]
[Round "04"]
[TimeControl "180+2"]
[Date "2023.01.03"]
[WhiteClock "0:00:04"]
[BlackClock "0:00:20"]

1. e4 c6 2. d4 d5 3. Nc3 dxe4 4. Nxe4 Nf6 5. Nxf6+ exf6 6. c3 Bd6 7. Bd3 Na6 8. Ne2 Nc7 9. O-O h5 10. Re1 Kf8 11. Bf4 g6 12. Qd2 Kg7 13. Bxd6 Qxd6 14. Ng3 Nd5 15. Ne4 Qc7 16. c4 Nf4 17. Bf1 h4 18. d5 Qe5 19. d6 Bd7 20. Re3 h3 21. g3 Ng2 22. Bxg2 hxg2 23. h4 Qf5 24. Kxg2 c5 25. Kg1 Bc6 26. Rae1 Rae8 27. f3 Re6 28. Nf2 Rxe3 29. Rxe3 Rd8 30. Qd3 Qd7 31. Ne4 Bxe4 32. Rxe4 Qxd6 33. Qxd6 Rxd6 34. Re2 f5 35. Kg2 Kf6 36. b3 a5 37. f4 Rd3 38. Kf2 a4 39. bxa4 Ra3 40. Rb2 Rxa4 41. Rxb7 Rxa2+ 42. Kf3 Rc2 43. Rb6+ Kg7 44. Rc6 Rc3+ 45. Kg2 Rxc4 46. Kh3 Rc2 47. h5 gxh5 48. Kh4 f6 49. Kh3 Kg6 50. Rc8 c4 51. Rc7 c3 52. Rc8 Rc1 53. Rc5 Kf7 54. Kg2 Ke6 55. Rc6+ Kd5 56. Rc8 Kd4 57. Rd8+ Ke3 58. Re8+ Kd2 59. Rd8+ Kc2 60. Rd5 Rb1 61. Rxf5 Rb6 62. Rxh5 Kb2 63. Rc5 c2 64. Kf3 Rb3+ 65. Kg4 Rc3 0-1


[Site "https://www.chess.com"]

[Event "Titled Tuesday Blitz January 03 Early 2023"]
[White "Bryakin, Mikhail"]
[Black "Keymer, Vincent"]
[WhiteFideId "4165314"]
[BlackFideId "12940690"]
[WhiteElo "2455"]
[BlackElo "2700"]
[Result "0-1"]
[Round "04"]
[TimeControl "180+2"]
[Date "2023.01.03"]
[WhiteClock "0:00:14"]
[BlackClock "0:00:15"]

1. c4 Nf6 2. Nc3 e5 3. g3 Bb4 4. Nd5 Nxd5 5. cxd5 O-O 6. Bg2 d6 7. e3 c5 8. Ne2 Nd7 9. O-O Nf6 10. f4 e4 11. Nc3 Re8 12. a3 Bg4 13. Qb3 Bxc3 14. dxc3 Qb6 15. Qa2 Be2 16. Re1 Bd3 17. c4 Qa5 18. Rd1 b5 19. Bd2 Qa6 20. cxb5 Qxb5 21. Bc3 Bc4 22. a4 Qa6 23. Bf1 Bxa2 24. Bxa6 Bb3 25. Rd2 Rab8 26. Bxf6 gxf6 27. Bb5 Re7 28. Rc1 f5 29. Rc3 Reb7 30. Bd7 Rxd7 0-1


[Site "https://www.chess.com"]

[Event "Titled Tuesday Blitz January 03 Early 2023"]
[White "Xiong, Jeffery"]
[Black "Nenezic, Marko"]
[WhiteFideId "2047640"]
[BlackFideId "912123"]
[WhiteElo "2692"]
[BlackElo "2514"]
[Result "1-0"]
[Round "04"]
[TimeControl "180+2"]
[Date "2023.01.03"]
[WhiteClock "0:00:39"]
[BlackClock "0:00:07"]

1. e4 g6 2. d4 Bg7 3. Nf3 d6 4. Be3 Nf6 5. Nc3 Nc6 6. Qd2 Bg4 7. Be2 e5 8. dxe5 Nxe5 9. O-O-O O-O 10. Bg5 Qc8 11. h4 h5 12. Nxe5 dxe5 13. Bxf6 Bxf6 14. Nd5 Bxe2 15. Qxe2 Bd8 16. Kb1 Kg7 17. Ne3 Qe6 18. g4 Rh8 19. Rdg1 Kf8 20. g5 c6 21. Rd1 Bb6 22. Nc4 Bc5 23. Rd2 Ke7 24. Rhd1 Rhd8 25. Na5 Rxd2 26. Qxd2 b6 27. Nb7 Bd4 28. c3 Rb8 29. cxd4 Rxb7 30. dxe5 Rd7 31. Qxd7+ Qxd7 32. Rxd7+ Kxd7 33. b4 Ke6 34. f4 Kd7 35. f5 Ke7 36. Kc2 Kd7 37. Kd3 Ke7 38. Kd4 Kd7 39. e6+ Ke7 40. exf7 Kxf7 41. Ke5 1-0


[Site "https://www.chess.com"]

[Event "Titled Tuesday Blitz January 03 Early 2023"]
[White "Donchenko, Alexander"]
[Black "Bachmann, Axel"]
[WhiteFideId "24603295"]
[BlackFideId "3700488"]
[WhiteElo "2669"]
[BlackElo "2604"]
[Result "1-0"]
[Round "04"]
[TimeControl "180+2"]
[Date "2023.01.03"]
[WhiteClock "0:00:49"]
[BlackClock "0:00:24"]

1. Nf3 Nf6 2. c4 b6 3. g3 Bb7 4. Bg2 g6 5. d4 Bg7 6. O-O O-O 7. d5 e6 8. Nc3 exd5 9. cxd5 Re8 10. Nd4 c5 11. dxc6 dxc6 12. Bf4 Qc8 13. Qc2 c5 14. Bxb7 Qxb7 15. Ndb5 Re7 16. Rad1 Nc6 17. Bg5 Nb4 18. Qb3 h6 19. Bxf6 Bxf6 20. a3 Bxc3 21. Nxc3 Nc6 22. Nd5 Re6 23. e3 Rd8 24. Qc3 Nd4 25. exd4 Qxd5 26. dxc5 Qxd1 27. Rxd1 Rxd1+ 28. Kg2 Rd7 29. cxb6 Ree7 30. bxa7 Rxa7 31. Qc5 Rac7 32. Qd6 Red7 33. Qe5 Re7 34. Qf6 Re2 35. Qd8+ 1-0


[Site "https://www.chess.com"]

[Event "Titled Tuesday Blitz January 03 Early 2023"]
[White "Kravtsiv, Martyn"]
[Black "Puranik, Abhimanyu"]
[WhiteFideId "14113147"]
[BlackFideId "5061245"]
[WhiteElo "2598"]
[BlackElo "2613"]
[Result "1-0"]
[Round "04"]
[TimeControl "180+2"]
[Date "2023.01.03"]
[WhiteClock "0:01:16"]
[BlackClock "0:01:09"]

1. e4 c5 2. Nf3 e6 3. d4 cxd4 4. Nxd4 Nc6 5. Nc3 a6 6. Be2 Nf6 7. O-O d6 8. Nxc6 bxc6 9. b3 Be7 10. Bb2 e5 11. Qd3 O-O 12. Na4 Qc7 13. c4 Rd8 14. Rac1 a5 15. Kh1 Ba6 16. Qe3 Rab8 17. f4 Nd7 18. f5 h6 19. Rc3 Nc5 20. Nxc5 dxc5 21. f6 Bf8 22. fxg7 Bxg7 23. Bh5 Rd7 24. Qh3 Rf8 25. Bc1 Bc8 26. Bg4 Rd6 27. Rg3 Rg6 28. Bf5 Kh7 29. Be3 Qd6 30. Bxc8 Rxg3 31. hxg3 Qd3 32. Rf3 1-0


[Site "https://www.chess.com"]

[Event "Titled Tuesday Blitz January 03 Early 2023"]
[White "Vokhidov, Shamsiddin"]
[Black "Zemlyanskii, Ivan"]
[WhiteFideId "14204223"]
[BlackFideId "24249971"]
[WhiteElo "2586"]
[BlackElo "2300"]
[Result "1-0"]
[Round "04"]
[TimeControl "180+2"]
[Date "2023.01.03"]
[WhiteClock "0:01:06"]
[BlackClock "0:00:01"]

1. e4 c5 2. Nf3 d6 3. Bb5+ Nd7 4. a4 Nf6 5. Nc3 a6 6. Be2 b6 7. d4 cxd4 8. Qxd4 e5 9. Qe3 Bb7 10. O-O Be7 11. Nd2 O-O 12. Rd1 Qc7 13. Nc4 Nc5 14. Bf3 Rad8 15. b3 Bc6 16. Ba3 Rb8 17. Bb4 a5 18. Ba3 Rfd8 19. Rd2 Ne6 20. Ne2 Ne8 21. Bg4 Bg5 22. Qh3 Bxd2 23. Bxe6 Bg5 24. Bd5 Bxd5 25. exd5 b5 26. axb5 Rxb5 27. Nc3 Rbb8 28. Bb2 Rdc8 29. Rxa5 Ra8 30. Nb5 Qd8 31. Bc3 Nf6 32. Nbxd6 Rxa5 33. Bxa5 1-0


[Site "https://www.chess.com"]

[Event "Titled Tuesday Blitz January 03 Early 2023"]
[White "Svane, Rasmus"]
[Black "Avila Pavas, Santiago"]
[WhiteFideId "4657101"]
[BlackFideId "4437128"]
[WhiteElo "2623"]
[BlackElo "2522"]
[Result "1-0"]
[Round "04"]
[TimeControl "180+2"]
[Date "2023.01.03"]
[WhiteClock "0:02:08"]
[BlackClock "0:00:32"]

1. Nf3 d5 2. g3 Bg4 3. Bg2 Nd7 4. O-O c6 5. h3 Bh5 6. d4 Ngf6 7. c4 e6 8. cxd5 exd5 9. Ne5 Bg6 10. Nc3 Bd6 11. f4 Be4 12. Nxe4 Nxe4 13. Bxe4 dxe4 14. Qb3 Bxe5 15. dxe5 O-O 16. Qxb7 Qb6+ 17. Qxb6 Nxb6 18. b3 Nd5 19. Ba3 Rfd8 20. Rfc1 Rac8 21. Kf2 f5 22. Rc4 Nb6 23. Rc2 Rd5 24. Rac1 Ra5 25. Bb4 Rb5 26. Bd6 Rd5 27. Rxc6 Rxc6 28. Rxc6 Rd2 29. a4 Nd5 30. e6 h5 31. Rc8+ Kh7 32. e7 Nf6 33. Be5 1-0


[Site "https://www.chess.com"]

[Event "Titled Tuesday Blitz January 03 Early 2023"]
[White "Zohid6"]
[Black "Dardha, Daniel"]
[BlackFideId "240990"]
[WhiteElo "2748"]
[BlackElo "2631"]
[Result "0-1"]
[Round "04"]
[TimeControl "180+2"]
[Date "2023.01.03"]
[WhiteClock "0:01:08"]
[BlackClock "0:00:13"]

1. d4 d5 2. Nc3 Nf6 3. Bf4 c5 4. e4 Nxe4 5. Nxe4 dxe4 6. dxc5 Qa5+ 7. c3 Qxc5 8. Qa4+ Nc6 9. Qxe4 g6 10. Nf3 Bg7 11. Qe3 Qxe3+ 12. Bxe3 O-O 13. O-O-O Bf5 14. Bd3 Bxd3 15. Rxd3 Rfd8 16. Rhd1 a6 17. Bb6 Rxd3 18. Rxd3 Kf8 19. Rd7 Rb8 20. Kc2 Ke8 21. Rd1 Rc8 22. Kb3 h6 23. a4 g5 24. h3 e6 25. a5 f5 26. Ka4 Bf6 27. Rd6 Ke7 28. Bc5 Nd8 29. Bb4 Ke8 30. g4 Be7 31. Rb6 fxg4 32. hxg4 Rc4 33. Nd4 Bc5 34. Kb3 Rxd4 35. Bxc5 Rxg4 36. Rd6 Re4 37. f3 Re2 38. Bb6 Nc6 39. Kc4 h5 40. Kd3 Rxb2 41. Rxe6+ Kd7 42. Rg6 Ne5+ 43. Ke4 Nxg6 44. Kf5 Ne7+ 45. Kxg5 Rb5+ 46. Kh4 Nc8 47. Bd4 Rf5 48. f4 Ke6 49. Be3 Nd6 50. Bd2 Nc4 51. Bc1 Nxa5 52. Bd2 Nc4 53. Bc1 Kd5 54. Kg3 Ke4 55. Kh3 a5 56. Kg3 a4 57. Kh3 b5 58. Kg3 a3 59. Kh4 a2 60. Bb2 Nxb2 61. Kg3 Nc4 62. Kh4 a1=Q 63. Kg3 Qg1+ 64. Kh3 Kf3 0-1


[Site "https://www.chess.com"]

[Event "Titled Tuesday Blitz January 03 Early 2023"]
[White "Narayanan, Srinath"]
[Black "Tanenbaum, Zachary"]
[WhiteFideId "5018420"]
[BlackFideId "2060850"]
[WhiteElo "2559"]
[BlackElo "2261"]
[Result "1-0"]
[Round "04"]
[TimeControl "180+2"]
[Date "2023.01.03"]
[WhiteClock "0:01:52"]
[BlackClock "0:00:18"]

1. d4 d5 2. Nf3 Nf6 3. Bf4 c5 4. e3 Nc6 5. Nbd2 cxd4 6. exd4 Qb6 7. Nb3 Bg4 8. c3 a5 9. a4 Bxf3 10. gxf3 e6 11. Bb5 Qd8 12. Rg1 Bd6 13. Qd2 O-O 14. Bxd6 Qxd6 15. Rxg7+ Kxg7 16. Qg5+ Kh8 17. Qxf6+ Kg8 18. Bxc6 bxc6 19. O-O-O Rfd8 20. Rg1+ Kf8 21. Nc5 Rab8 22. Rg7 Rd7 23. Rxh7 1-0


[Site "https://www.chess.com"]

[Event "Titled Tuesday Blitz January 03 Early 2023"]
[White "Kadric, Denis"]
[Black "Lenderman, Aleksandr"]
[WhiteFideId "14403803"]
[BlackFideId "2021285"]
[WhiteElo "2601"]
[BlackElo "2572"]
[Result "0-1"]
[Round "04"]
[TimeControl "180+2"]
[Date "2023.01.03"]
[WhiteClock "0:00:11"]
[BlackClock "0:00:24"]

1. e4 e5 2. Nf3 Nf6 3. d3 Nc6 4. c3 d5 5. Nbd2 a5 6. Be2 Bc5 7. O-O O-O 8. h3 Qe7 9. exd5 Nxd5 10. Re1 Re8 11. Bf1 Qd8 12. Ne4 Bf8 13. Bd2 f6 14. Qc2 Be6 15. b3 Bf7 16. a3 Qd7 17. b4 axb4 18. axb4 Rab8 19. Ng3 Kh8 20. b5 Nd8 21. d4 exd4 22. Rxe8 Bxe8 23. Nxd4 Bg6 24. Qb3 Nb6 25. Be3 Bc5 26. Rd1 Qe8 27. Be2 Nf7 28. Bf4 Ne5 29. Nf3 Bd6 30. Nxe5 Bxe5 31. Bxe5 Qxe5 32. Bf3 h6 33. Qb4 Kh7 34. c4 Qf4 35. Be2 Re8 36. Qc5 Qe5 37. Qxe5 Rxe5 38. Kf1 Bf7 39. Rd4 f5 40. Bd3 g6 41. h4 h5 42. Ne2 Rc5 43. Nf4 Nxc4 44. Rd7 Ne5 45. Re7 Kg8 46. b6 cxb6 47. Rxb7 Nxd3 48. Nxd3 Bc4 49. Rd7 b5 50. Ke1 Bxd3 51. Rxd3 b4 52. Rb3 Rc4 53. g3 Kf7 54. Kd2 Ke6 55. Kd3 Kd5 56. Rb1 Rc3+ 57. Kd2 Kc4 58. Re1 b3 59. Re6 Rc2+ 60. Ke3 b2 61. Rb6 Kc3 62. Rc6+ Kb3 63. Rb6+ Ka2 64. Ra6+ Kb1 65. Rb6 Kc1 0-1


[Site "https://www.chess.com"]

[Event "Titled Tuesday Blitz January 03 Early 2023"]
[White "Abasov, Nijat"]
[Black "Fernandez Guillen, Ernesto J."]
[WhiteFideId "13402960"]
[BlackFideId "3512428"]
[WhiteElo "2634"]
[BlackElo "2477"]
[Result "1-0"]
[Round "04"]
[TimeControl "180+2"]
[Date "2023.01.03"]
[WhiteClock "0:00:08"]
[BlackClock "0:00:04"]

1. d4 Nf6 2. Nf3 g6 3. g3 d5 4. Bg2 Bg7 5. c4 O-O 6. O-O c6 7. Qb3 dxc4 8. Qxc4 Nbd7 9. Rd1 Nb6 10. Qc3 Bf5 11. Qe1 Bc2 12. Rd2 Bf5 13. b3 Ne4 14. Rd1 Qc7 15. Nh4 Rad8 16. Nxf5 gxf5 17. Bb2 e5 18. f3 Nf6 19. dxe5 Nfd5 20. Qd2 Bxe5 21. Qg5+ Kh8 22. Qc1 f6 23. Na3 Bxb2 24. Qxb2 Qe5 25. Qxe5 fxe5 26. Kf2 f4 27. Bh3 Ne3 28. Rd3 Kg7 29. Rc1 Kf6 30. Nc2 Nxc2 31. Rxc2 Rxd3 32. exd3 Rd8 33. Ke2 Nd5 34. Rc4 h5 35. Kd2 h4 36. gxf4 Nxf4 37. Bf1 Rd5 38. Ke3 c5 39. b4 b6 40. bxc5 Rxc5 41. Ra4 a5 42. d4 Nd5+ 43. Kd2 Rc3 44. dxe5+ Kxe5 45. Rxh4 Ra3 46. Rh5+ 1-0


[Site "https://www.chess.com"]

[Event "Titled Tuesday Blitz January 03 Early 2023"]
[White "Shuvalova, Polina"]
[Black "Drozdowski, Kacper"]
[WhiteFideId "24171760"]
[BlackFideId "1136720"]
[WhiteElo "2484"]
[BlackElo "2448"]
[Result "1/2-1/2"]
[Round "04"]
[TimeControl "180+2"]
[Date "2023.01.03"]
[WhiteClock "0:01:14"]
[BlackClock "0:01:10"]

1. d4 Nf6 2. Nf3 g6 3. c4 Bg7 4. Nc3 d5 5. e3 O-O 6. cxd5 Nxd5 7. Bc4 Nb6 8. Bb3 Na6 9. O-O c5 10. h3 cxd4 11. exd4 Bf5 12. Re1 Nb4 13. Bg5 Bf6 14. Bxf6 exf6 15. d5 Nd3 16. Re2 Nc5 17. Qd4 Nxb3 18. axb3 Re8 19. Rxe8+ Qxe8 20. Qxf6 Nd7 21. Qd4 Bc2 22. b4 a6 23. Re1 Qd8 24. Re2 Bb3 25. Nd2 Bc2 26. Nc4 Bf5 27. g4 Qg5 28. f4 Qh4 29. gxf5 Qxh3 30. fxg6 hxg6 31. d6 Qg3+ 32. Rg2 Qe1+ 33. Kh2 Qh4+ 34. Kg1 Qe1+ 35. Kh2 Qh4+ 36. Kg1 Qe1+ 1/2-1/2


[Site "https://www.chess.com"]